 Dungeon Crawl Stone Soup version 0.18-a0-1526-gcb34c7c (webtiles) character file.

32 Oddball22 the Magician (level 3, -4/26 HPs)
             Began as a Demonspawn Transmuter on Mar 8, 2016.
             Slain by Sigmund
             ... wielding a +0 scythe
              (12 damage)
             ... on level 2 of the Dungeon.
             The game lasted 00:03:13 (1816 turns).

Oddball22 the Magician (Demonspawn Transmuter)      Turns: 1816, Time: 00:03:13

Health: -4/26      AC:  4    Str: 10    XL:     3   Next: 10%
Magic:  2/7        EV:  7    Int: 14    God:
Gold:   17         SH:  2    Dex: 14    Spells: 3 memorised, 1 level left

rFire  . . .     SeeInvis .       - Unarmed
rCold  . . .     Gourm    .     b - +0 robe
rNeg   . . .     Faith    .     (no shield)
rPois  .         Spirit   .     (helmet restricted)
rElec  .         Dismiss  .     (no cloak)
rCorr  .         Reflect  .     (no gloves)
SustAt .         Harm     .     (boots currently unavailable)
MR     .....                    o - amulet of inaccuracy (curse)
Stlth  +.........               (no ring)
                                (no ring)

@: appendage, very slightly contaminated, not resistant to hostile enchantments,
very unstealthy
A: antennae 1, talons 3, large bone plates 1
a: End Transformation


You were on level 2 of the Dungeon.
You were very hungry.
You had grown temporary talons.
You visited 1 branch of the dungeon, and saw 2 of its levels.

You collected 17 gold pieces.

Inventory:

Missiles
 a - 12 arrows
 f - 8 tomahawks of dispersal (quivered)
 q - 9 silver bolts
Armour
 b - a +0 robe (worn)
Jewellery
 o - a cursed amulet of inaccuracy (around neck)
Scrolls
 e - 2 scrolls of random uselessness {unknown}
 g - a scroll of fear {unknown}
 i - a scroll of recharging {unknown}
 k - 2 scrolls of remove curse {unknown}
 l - 2 scrolls of enchant armour {unknown}
Potions
 h - a potion of agility {unknown}
 j - 2 potions of magic {unknown}
 m - a potion of flight {unknown}
 n - a potion of might {unknown}
Books
 c - a book of Changes

   Spells                             Type                      Level
   a - Beastly Appendage              Transmutation                1
   b - Sticks to Snakes               Transmutation                2
   c - Spider Form                    Transmutation/Poison         3
   d - Ice Form                       Ice/Transmutation            4
   e - Blade Hands                    Transmutation                5
Comestibles
 d - a bread ration
 p - 2 slices of pizza


   Skills:
 + Level 1.6 Fighting
 - Level 1.7 Dodging
 - Level 2.6 Unarmed Combat
 * Level 2.8 Spellcasting
 + Level 2.1 Transmutations


You had one spell level left.
You knew the following spells:

 Your Spells              Type           Power        Failure   Level  Hunger
a - Beastly Appendage     Trmt           #.....       12%         1    #......
b - Sticks to Snakes      Trmt           #.......     17%         2    ###....
c - Spider Form           Trmt/Pois      #.........   47%         3    ###....


Dungeon Overview and Level Annotations

Branches:
Dungeon (2/15)

Altars:

Annotations:
D:2 Sigmund, Terence


Innate Abilities, Weirdness & Mutations

You have a pair of small antennae on your head.
You are partially covered in large bone plates (AC +2, SH +2).
You have claws for feet.


Message History

15 poisoned needles; a robe A rat comes into view.
There is a stone staircase leading up here.
The ball python bites you but does no damage.
The ball python grabs you.
You stop ascending the stairs.
The ball python constricts you.
The ball python bites you but does no damage.
The ball python constricts you.
Casting: Spider Form
Confirm with . or Enter, or press ? or * to list all spells.
Your feet morph into talons.
The ball python barely misses you. The ball python constricts you.
Something hits you.
You miss the ball python. Your kick misses the ball python.
The ball python barely misses you. The ball python constricts you.
You barely miss the ball python. The ball python bites you.
The ball python constricts you. Something hits you.
You hit the ball python.
You kill the ball python!
Something hits you!
You die...

#.. #.# #....# #.##.#
##'#...... #..#.#
#.#...... #########
#.#.# #.# .....
........# #...# #.#
...
#.....#####..#######.#
##
#.....'{..{...)......#
#.....#####(.#########
#.........w@>........
#......#####.r....###
#......# #....(..'.
####'#.# #.......##
#.#.# #.###..... %.#.#
#. ...... ...#.# #.
...... ... #.. ..
......


You could see a worm and a rat.

Vanquished Creatures
  An adder (D:2)
  A dart slug (D:2)
  A ball python (D:2)
  A bat (D:2)
  2 giant cockroaches
  4 hobgoblins
  A jackal (D:1)
  2 kobolds
  A giant newt (D:1)
  2 goblins (D:2)
  4 rats (D:1)
20 creatures vanquished.

Notes
Turn   | Place    | Note
--------------------------------------------------------------
     0 | D:1      | Oddball22 the Demonspawn Transmuter began the quest for the Orb.
     0 | D:1      | Reached XP level 1. HP: 15/15 MP: 3/3
   555 | D:1      | Gained mutation: You are partially covered in large bone plates (AC +2, SH +2). [demonic ancestry]
   555 | D:1      | Reached XP level 2. HP: 8/21 MP: 0/5
  1110 | D:2      | Noticed Terence
  1116 | D:1      | Learned a level 2 spell: Sticks to Snakes
  1510 | D:2      | Lost mutation: You have a pair of horns on your head. [demonic ancestry]
  1510 | D:2      | Lost mutation: You have a pair of small horns on your head. [demonic ancestry]
  1510 | D:2      | Gained mutation: You have a pair of small antennae on your head. [demonic ancestry]
  1510 | D:2      | Reached XP level 3. HP: 17/26 MP: 5/7
  1565 | D:2      | Learned a level 3 spell: Spider Form
  1802 | D:2      | Noticed Sigmund
  1816 | D:2      | Slain by Sigmund

Vault maps used:
D:1:      moated_graveyard_arrival, st_stairs_5
D:2:      gammafunk_pakellas_cloud_experiment, uniq_sigmund, uniq_terence

Skill      XL: |  1 |
---------------+----+-----
Transmutations | 2 |  2.1
Fighting       | |  1.6
Dodging        | |  1.7
Unarmed Combat | |  2.6
Spellcasting   | |  2.8

Action                   || total
-------------------------++-------
Melee: Unarmed           ||    93
 Cast: Beastly Appendage ||    12
 Stab: Sleeping          ||     2
  Eat: Chunk             ||     2
